 Dungeon Crawl Stone Soup version 0.29-a0-866-g0545e20025 (webtiles) character file.

Game seed: 4873134687968711559

2052 Malachi the Grappler (level 9, -3/81 HPs)
             Began as a Troll Monk on July 17, 2022.
             Was an Initiate of Ru.
             Killed from afar by Maggie (23 damage)
             ... with a bolt of fire
             ... on level 6 of the Dungeon.
             The game lasted 00:07:33 (4595 turns).

Malachi the Grappler (Troll Monk)                   Turns: 4595, Time: 00:07:34

Health: -3/81      AC:  0    Str: 25    XL:     9   Next: 4%
Magic:  8/8        EV: 10    Int:  6    God:    Ru [......]
Gold:   233        SH:  5    Dex: 18    Spells: 8/8 levels left

rFire   . . .      SeeInvis .     - Unarmed
rCold   . . .      Faith    .   (no shield)
rNeg    . . .      Spirit   .   g - +0 animal skin
rPois   .          Reflect  +   (helmet restricted)
rElec   .          Harm     .   (no cloak)
rCorr   .          Rampage  .   (gloves unavailable)
Will    .....                   (boots unavailable)
Stlth   ++........              C - amulet of reflection
HPRegen 1.03/turn               s - +6 ring of dexterity
MPRegen 0.11/turn               (no ring)

@: lethally poisoned (-3 -> -3), corroded, mesmerised
A: large, unfitting armour, claws 3, regeneration 1, shaggy fur 1, tough skin 1
a: Renounce Religion


You were on level 6 of the Dungeon.
You worshipped Ru.
Ru was noncommittal.
You visited 2 branches of the dungeon, and saw 7 of its levels.

You collected 293 gold pieces.
You spent 60 gold pieces at shops.

Inventory:

Missiles
 r - 9 boomerangs (quivered)
 u - 3 throwing nets
 v - 3 javelins
Armour
 g - a +0 animal skin (worn)
Jewellery
 s - a +6 ring of dexterity (left claw)
 C - an amulet of reflection (around neck)
Wands
 f - a wand of digging (2)
Scrolls
 a - 3 scrolls of enchant armour {unknown}
 i - a scroll of brand weapon {unknown}
 m - a scroll of fog {unknown}
 n - 3 scrolls of identify {unknown}
 o - a scroll of immolation {unknown}
 p - a scroll of silence {unknown}
 q - 2 scrolls of teleportation {unknown}
 t - 2 scrolls of poison {unknown}
 w - a scroll of noise {unknown}
 x - a scroll of magic mapping {unknown}
 y - a scroll of vulnerability {unknown}
 B - a scroll of enchant weapon {unknown}
 D - a scroll of torment {unknown}
Potions
 b - a potion of ambrosia
 c - 2 potions of lignification {unknown}
 d - a potion of attraction {unknown}
 e - 2 potions of might {unknown}
 h - 2 potions of mutation {unknown}
 j - 3 potions of curing {unknown}
 k - 5 potions of heal wounds
 l - 2 potions of flight {unknown}
 z - a potion of berserk rage {unknown}
 A - a potion of haste {unknown}


   Skills:
 + Level 3.1 Fighting
 - Level 2.4 Dodging
 - Level 1.0 Stealth
 - Level 12.0 Unarmed Combat


You had 8 spell levels left.
You didn't know any spells.
Your spell library contained the following spells:

 Spells                   Type           Power      Damage    Failure   Level
 Apportation              Tloc           0%         N/A       45%         1
 Necrotise                Necr           0%         1d4       45%         1
 Summon Small Mammal      Summ           0%         N/A       45%         1
 Sublimation of Blood     Necr           0%         N/A       58%         2
 Wereblood                Tmut           0%         N/A       58%         2
 Call Canine Familiar     Summ           0%         N/A       83%         3
 Summon Guardian Golem    Hex/Summ       0%         N/A       83%         3
 Summon Hydra             Summ           0%         N/A       100%        7


Dungeon Overview and Level Annotations

Branches:
Dungeon (6/15)             Temple (1/1) D:5

Altars:
Ashenzari
Cheibriados
Dithmenos
Elyvilon
Fedhas
Hepliaklqana
Kikubaaqudgha
Makhleb
Nemelex Xobeh
Okawaru
Qazlal
Ru
Trog
Uskayaw
Vehumet
Xom
Yredelemnul
Zin
The Shining One

Shops:
D:3 !   D:5 [

Annotations:
D:6 Maggie


Innate Abilities, Weirdness & Mutations

You are too large for most types of armour.
You have claws for hands.
Your natural rate of healing is unusually fast.
You are covered in fur. (AC +1)
You have tough skin. (AC +1)


Message History

Your base attributes are Str 22, Int 6, Dex 12.
Increase (S)trength, (I)ntelligence, or (D)exterity?
You feel stronger. x3
You feel sick.
Maggie says, "Fear not.
I will immortalize you in the tale of my first kill."
Maggie zaps a wand.
The bolt of acid hits you!! The acid corrodes you!
You feel sick.
Maggie zaps a wand.
The bolt of acid misses you.
You claw Maggie!
Maggie is lightly wounded.
You feel sick.
Maggie gestures wildly while chanting.
Maggie attempts to bespell you!
You are mesmerised by Maggie!
You closely miss Maggie.
Maggie is lightly wounded.
You feel sick.
Maggie casts a spell.
Maggie draws you further into her thrall.
You mangle Maggie!!
Maggie is heavily wounded.
You feel sick.
Maggie hits you with a +0 scimitar of flaming.
Maggie burns you.
You are too injured to fight recklessly!
You are too injured to fight recklessly!
You are too injured to fight recklessly!
You are too injured to fight recklessly!
You closely miss Maggie.
Maggie is heavily wounded.
Maggie zaps a wand.
The bolt of acid hits you!
* * * LOW HITPOINT WARNING * * *
You barely miss Maggie.
Maggie is heavily wounded.
You feel sick.
You closely miss Maggie.
Maggie is heavily wounded.
You feel sick. Maggie casts a spell at you. The bolt of fire hits you!!
You die...

##...#####....................
####.....##......................
......##.....................^...
#..<........................
#...........................
#......................P....
#......................≈≈.≈≈.
#...........).).........≈≈.≈≈
#...........@@........P.≈≈≈≈≈≈
#................)....♣≈≈≈≈≈≈≈
#..............<........≈.≈.≈P
.................P≈ ≈≈≈≈
................... ...
................... ...
................... ...
................... ... ...


You could see Maggie (mesmerising).

Vanquished Creatures
  Grinder (D:4)
  Sigmund (D:6)
  Edmund (D:6)
  2 water moccasins
  An ogre (D:4)
  A centaur (D:6)
  A kobold brigand (D:3)
  A bullfrog (D:6)
  A gnoll sergeant (D:6)
  2 necrophages (D:4)
  2 scorpions
  A wight (D:6)
  3 jellies
  5 hounds
  An orc priest (D:4)
  Jessica (D:2)
  3 orc wizards (D:4)
  2 iguanas
  Robin (D:2)
  6 gnolls
  9 adders
  A white imp (D:6)
  2 worms
  2 dart slugs
  7 orcs
  9 bats
  9 endoplasms
  2 giant cockroaches
  14 hobgoblins
  13 kobolds
  3 quokkas
  9 ball pythons
  4 frilled lizards
  14 goblins
  7 rats
142 creatures vanquished.

Vanquished Creatures (others)
  A goblin (D:2)
  A bat (D:2)
  26 plants (D:6)
28 creatures vanquished.

Grand Total: 170 creatures vanquished

Notes
Turn   | Place    | Note
-------+----------+-------------------------------------------
     0 | D:1      | Malachi the Troll Monk began the quest for the Orb.
     0 | D:1      | Reached XP level 1. HP: 22/22 MP: 0/0
    57 | D:1      | Reached XP level 2. HP: 29/29 MP: 1/1
   424 | D:1      | Found a faded altar of an unknown god.
   608 | D:1      | Reached skill level 4 in Unarmed Combat
   870 | D:2      | Noticed Robin
   923 | D:1      | Reached XP level 3. HP: 15/36 MP: 2/2
  1188 | D:2      | Noticed Jessica
  1223 | D:2      | Killed Robin
  1227 | D:2      | Killed Jessica
  1228 | D:2      | Reached skill level 5 in Unarmed Combat
  1228 | D:2      | Reached XP level 4. HP: 32/44 MP: 3/3
  1319 | D:2      | Identified the +7 dagger "Cun Sawo" {drain, rElec Str-3
                  | Int+5}
  1675 | D:3      | Found Juufy's Distillery.
  1679 | D:3      | Reached XP level 5. HP: 50/50 MP: 4/4
  1687 | D:3      | Bought a potion of heal wounds for 60 gold pieces
  1761 | D:3      | Reached skill level 6 in Unarmed Combat
  2144 | D:3      | Found a basalt altar of Yredelemnul.
  2152 | D:3      | Found a shimmering altar of Xom.
  2165 | D:3      | Found a white marble altar of Elyvilon.
  2589 | D:2      | Reached XP level 6. HP: 56/59 MP: 5/5
  2744 | D:4      | Reached skill level 7 in Unarmed Combat
  2769 | D:4      | Noticed Grinder
  2936 | D:5      | Entered Level 5 of the Dungeon
  2973 | D:5      | Reached skill level 8 in Unarmed Combat
  2973 | D:5      | Reached XP level 7. HP: 66/66 MP: 6/6
  2975 | D:5      | Found Hidibb's Antique Armour Emporium.
  3046 | D:5      | Found a blossoming altar of Fedhas.
  3049 | D:5      | Found a broken altar of Ashenzari.
  3053 | D:5      | Found a bloodstained altar of Trog.
  3060 | D:5      | Found a stormy altar of Qazlal.
  3062 | D:5      | Found a radiant altar of Vehumet.
  3067 | D:5      | Found a hide-covered altar of Uskayaw.
  3203 | D:5      | Reached skill level 9 in Unarmed Combat
  3264 | D:5      | Found a staircase to the Ecumenical Temple.
  3477 | Temple   | Entered the Ecumenical Temple
  3563 | Temple   | Became a worshipper of Ru the Awakened
  3671 | D:4      | Killed Grinder
  3672 | D:4      | Reached XP level 8. HP: 24/74 MP: 7/7
  3744 | D:4      | Reached skill level 10 in Unarmed Combat
  4251 | D:6      | Noticed Edmund
  4252 | D:6      | Reached skill level 11 in Unarmed Combat
  4261 | D:6      | Killed Edmund
  4577 | D:6      | Noticed Sigmund
  4582 | D:6      | Reached skill level 12 in Unarmed Combat
  4583 | D:6      | Noticed Maggie
  4587 | D:6      | Killed Sigmund
  4588 | D:6      | Reached XP level 9. HP: 63/81 MP: 8/8
  4595 | D:6      | Killed from afar by Maggie

Illustrated notes

Levels and vault maps discovered:
D:1:      ebering_trefoil_3fold, layout_basic,
          dilly_ecumenical_altar_fadedgnrine
D:2:      layout_rooms, minmay_heptomino_o4, uniq_robin, uniq_jessica
D:3:      cheibrodos_thug_alley, layout_basic, grunt_temple_overflow_open,
          serial_shops, nicolae_shop_advertising_works
          [nicolae_subvault_shop_adworks]
D:4:      layout_cave_pools, uniq_grinder
D:5:      layout_rooms, nicolae_overflow_hallway_of_the_gods, temple_pool_b,
          minmay_door_square, nicolae_take_the_stairs
D:6:      layout_layer_cave, serial_bayou, serial_bayou_pond_d,
          serial_bayou_pond_b, serial_bayou_lake_a, serial_bayou_lagoon_b,
          lightli_orcish_oven, uniq_edmund, uniq_maggie, uniq_sigmund
Temple:   jpeg_temple_clearing

Skill      XL: |  1  2  3  4  5  6  7  8 |
---------------+-------------------------+-----
Unarmed Combat | 4 5 6 8 9 12 | 12.0
Fighting       | 3 |  3.1
Dodging        | |  2.4
Stealth        | |  1.0

Action                   |  1- 3 |  4- 6 |  7- 9 || total
-------------------------+-------+-------+-------++-------
Melee: Unarmed           |    87 |   153 |   122 ||   362
       Punch             |     3 |     7 |     6 ||    16
Throw: Javelin           |       |     3 |       ||     3
       Boomerang         |       |     9 |       ||     9
Invok: Reject Sacrifices |       |       |     1 ||     1
 Stab: Sleeping          |     1 |     3 |     3 ||     7
Armor: Robe              |    38 |     5 |       ||    43
       Animal skin       |       |    43 |    27 ||    70
       Skin              |       |     1 |       ||     1
Dodge: Dodged            |    61 |    82 |    41 ||   184

Table legend: (Time is in decaauts)
 A = Elapsed time spent in this place.
 B = Non-inter-level travel time spent in this place.
 C = Inter-level travel time spent in this place.
 D = Time resting spent in this place.
 E = Time spent auto-exploring this place.
 F = Levels seen in this place.
 G = Mean time per level.
                   A        B        C        D        E       F      G
               +--------+--------+--------+--------+--------+-----+--------+
         Total |   4564 |   4218 |    346 |    391 |   2753 |   7 |  652.0 |
       Dungeon |   4465 |   4151 |    314 |    391 |   2700 |   6 |  744.2 |
        Temple |     98 |     67 |     31 |      0 |     53 |   1 |   98.0 |
               +--------+--------+--------+--------+--------+-----+--------+

Top non-repeatable levels by time:
     D:1: 1198 daAuts
     D:3: 903 daAuts
     D:5: 642 daAuts
     D:2: 641 daAuts
     D:4: 639 daAuts
     D:6: 438 daAuts
  Temple: 98 daAuts
